 Dungeon Crawl Stone Soup version 0.31-a0-836-g3ceb0a68c4 (webtiles) character file.

Game seed: 5860739565664931082

90 Kurtz the Chopper (level 4, -7/31 HPs)
             Began as an Octopode Fighter on Sept 27, 2023.
             Killed by nerve-wracking pain
             ... invoked by Grinder
              (8 damage)
             ... on level 3 of the Dungeon.
             The game lasted 00:00:47 (1714 turns).

Kurtz the Chopper (Octopode Fighter)                Turns: 1714, Time: 00:00:47

Health: -7/31      AC:  1    Str: 17    XL:     4   Next: 56%
Magic:  4/4        EV: 13    Int: 10    God:
Gold:   142        SH:  4    Dex: 11    Spells: 3/3 levels left

rFire   . . .        a - +0 war axe
rCold   . . .        b - +0 buckler
rNeg    . . .        (helmet restricted)
rPois   .            (no amulet)
rElec   .            (no ring)
rCorr   .            (no ring)
SInv    .            (no ring)
Will    .....        (no ring)
Stlth   ++           (no ring)
HPRegen 0.25/turn    (no ring)
MPRegen 0.09/turn    (no ring)
                     (no ring)

%: no passive effects
@: mighty
A: almost no armour, amphibious, 8 rings, camouflage 1, gelatinous body 1,
(nimble swimmer 1), tentacles
a: no special abilities


You were on level 3 of the Dungeon.
You visited 1 branch of the dungeon, and saw 3 of its levels.

You collected 142 gold pieces.

Inventory:

Hand Weapons
 a - a +0 war axe (weapon)
Missiles
 k - 3 poisoned darts
Armour
 b - a +0 buckler (worn)
Scrolls
 d - a scroll of brand weapon {unknown}
 h - a scroll of identify {unknown}
 i - a scroll of noise {unknown}
 l - a scroll of vulnerability {unknown}
 o - a scroll of amnesia {unknown}
Potions
 e - a potion of cancellation {unknown}
 f - a potion of mutation {unknown}
 g - a potion of curing {unknown}
 j - a potion of attraction {unknown}
 m - a potion of degeneration {unknown}
 n - a potion of heal wounds {unknown}


   Skills:
 - Level 3.0 Fighting
 * Level 4.6 Axes
 - Level 3.0 Dodging
 - Level 3.0 Shields


You had 3 spell levels left.
You didn't know any spells.
Your spell library contained the following spells:

 Spells                   Type           Power      Damage    Failure   Level
 Freeze                   Ice            0%         1d3       43%         1
 Frozen Ramparts          Ice            0%         1d1       82%         3
 Hailstorm                Conj/Ice       0%         3d3       82%         3


Dungeon Overview and Level Annotations

Branches:
Dungeon (3/15)

Altars:

Annotations:
D:3 Grinder, Sigmund


Innate Abilities, Weirdness & Mutations

You cannot wear most types of armour.
You are amphibious.
You can wear up to eight rings at the same time.
Your skin changes colour to match your surroundings (Stealth+).
Your rubbery body absorbs attacks. (AC +1, EV +1)
((You are camouflaged when in or above water. (Stealth+)))
You have tentacles for arms and can constrict up to eight enemies at once.


Message History

An orc is nearby!
An orc is nearby!
Grinder comes into view.
Found 9 gold pieces.
Grinder shouts!
You hear a shout!
Grinder gestures at you.
You completely miss something.
The orc shouts!
Your squeeze misses something.
Sigmund the Dreaded comes into view.
He is wielding a +2 scythe of flaming and wearing a +2 robe of willpower.
Grinder gestures at you.
Sigmund casts a spell.
Sigmund flickers and vanishes!
There are monsters nearby!
You feel very mighty all of a sudden. Grinder gestures at you.
The orc barely misses you.
You slash something! You slash the orc!
You kill the orc!
Unknown command.
You slash something!
Reactivating autopickup.
You feel a bit more experienced.
You slash Grinder!
Grinder says, "I used to sell toenails on the black market."
You block Grinder's attack. The orc closely misses you. Grinder hits you.
You slice the orc!!
You kill the orc!
You closely miss Grinder. Grinder hits you!
You writhe in agony.
Unknown command.
You hit Grinder. You grab Grinder.
Grinder is moderately wounded.
You constrict Grinder, but do no damage.
Something hits you!
* * * LOW HITPOINT WARNING * * *
Something burns you.
* * * LOW HITPOINT WARNING * * *
Deactivating autopickup; reactivate with Ctrl-A.
Grinder gestures at you. Pain shoots through your body!
You die...
Grinder says, "Now the real fun starts!"

#.# #$..# .### #.#
#...##.... #.#
####........# #.#
#.........#.# #.#
#.......... #.#
#.........# #.#
#.##..5#.##.#
#####.###.##.@).!....
#.......#..8...#.##.#
# #.............##
####........8.8.8#
....)........_...#
.<##......8.8.8.8#
.###.......#...### ##
#......(#8.8# #
####.######.#


You could see Grinder.

Vanquished Creatures
  An orc wizard (D:3)
  2 adders
  2 worms (D:2)
  3 orcs
  2 ball pythons (D:1)
  3 endoplasms
  A giant cockroach (D:1)
  2 goblins (D:1)
  7 hobgoblins
  A quokka (D:2)
  5 bats
  5 frilled lizards
  2 kobolds (D:1)
  2 rats (D:1)
38 creatures vanquished.

Notes
Turn   | Place    | Note
-------+----------+-------------------------------------------
     0 | D:1      | Kurtz the Octopode Fighter began the quest for the Orb.
     0 | D:1      | Reached XP level 1. HP: 16/16 MP: 1/1
   117 | D:1      | Reached XP level 2. HP: 21/21 MP: 2/2
   271 | D:1      | Reached skill level 3 in Axes
   601 | D:1      | Reached XP level 3. HP: 26/26 MP: 3/3
  1369 | D:2      | Reached skill level 4 in Axes
  1692 | D:3      | Reached XP level 4. HP: 31/31 MP: 4/4
  1697 | D:3      | Found a faded altar of an unknown god.
  1708 | D:3      | Noticed Grinder
  1709 | D:3      | Noticed Sigmund
  1714 | D:3      | HP: 1/31 [something (3)]
  1714 | D:3      | Killed from afar by Grinder

Illustrated notes

Levels and vault maps discovered:
D:1:      reono_arrival_mine, layout_loops_ring
D:2:      layout_basic, grunt_decor_clamped, corexii_shack, feat_on_display
D:3:      layout_loops_ring, ebering_ecumenical_altar_ruins,
          grunt_decor_junction, uniq_sigmund, uniq_grinder

Skill      XL: |  1  2  3 |
---------------+----------+-----
Axes           | 3 4 |  4.6
Fighting       | |  3.0
Dodging        | |  3.0
Shields        | |  3.0

Action                     |  1- 3 |  4- 6 || total
---------------------------+-------+-------++-------
  Melee: War axe           |    50 |     7 ||    57
         Constrict         |    13 |     1 ||    14
         Tentacles         |    10 |     1 ||    11
    Use: Potion            |       |     1 ||     1
   Stab: Sleeping          |    13 |       ||    13
         Distracted        |     1 |       ||     1
 Armour: Skin              |    17 |     3 ||    20
  Dodge: Dodged            |    20 |     3 ||    23
  Block: Buckler           |     5 |     1 ||     6

Table legend: (Time is in decaauts)
 A = Elapsed time spent in this place.
 B = Non-inter-level travel time spent in this place.
 C = Inter-level travel time spent in this place.
 D = Time resting spent in this place.
 E = Time spent auto-exploring this place.
 F = Levels seen in this place.
 G = Mean time per level.
                   A        B        C        D        E       F      G
               +--------+--------+--------+--------+--------+-----+--------+
         Total |   1734 |   1686 |     48 |      0 |   1463 |   3 |  578.0 |
       Dungeon |   1734 |   1686 |     48 |      0 |   1463 |   3 |  578.0 |
               +--------+--------+--------+--------+--------+-----+--------+

Top non-repeatable levels by time:
     D:2: 860 daAuts
     D:1: 820 daAuts
     D:3: 54 daAuts
